 Dungeon Crawl Stone Soup version 0.30.0-29-ga12c61a403 (webtiles) character file.

Game seed: 9018892593689791474

216336 Amplified the Fetichist (level 18, -29/160 HPs)
             Began as a Demonspawn Ice Elementalist on June 7, 2023.
             Was a High Priest of Vehumet.
             Annihilated by a war gargoyle
             ... wielding a +7 great mace of holy wrath
             ... led by a peacekeeper
              (57 damage)
             ... on level 2 of the Vaults on June 22, 2023.
             The game lasted 02:09:51 (45444 turns).

Amplified the Fetichist (DsIE)                     Turns: 45444, Time: 02:09:52

Health: -29/160    AC: 23    Str: 14    XL:     18   Next: 35%
Magic:  41/41      EV: 20    Int: 32    God:    Vehumet [*****.]
Gold:   101        SH:  0    Dex: 12    Spells: 5/48 levels left

rFire   + + +        B - staff of cold
rCold   + + .        (no shield)
rNeg    + . .        F - +2 robe {Will+}
rPois   +            M - +0 helmet of the Imp {Int+4}
rElec   .            T - scarf {rC+ rF+}
rCorr   .            (gloves unavailable)
SInv    .            C - +2 pair of boots
Will    ++...        f - amulet of magic regeneration
Stlth   ++           E - +5 ring of evasion
HPRegen 0.46/turn    Y - ring of Tuborr {rPois rF++ rN+ Int+5}
MPRegen 0.67/turn

%: no passive effects
@: ice-armoured, freezing walls
A: claws 3, rugged brown scales 2, demonic guardian 3, powered by pain 2,
corrupting presence 1, high MP 1, mutation resistance 1, strong 1
}: 1/15 runes: gossamer
a: Renounce Religion


You were on level 2 of the Vaults.
You worshipped Vehumet.
Vehumet was extremely pleased with you.
You visited 8 branches of the dungeon, and saw 32 of its levels.
You visited 1 bazaar.

You collected 2990 gold pieces.
You spent 2889 gold pieces at shops.

Inventory:

Hand Weapons
 a - a +0 scimitar of flaming
 d - a +0 whip of electrocution
Missiles
 b - a throwing net
 e - 51 poisoned darts
 z - 4 curare-tipped darts
 A - 11 silver javelins
Armour
 n - a +2 cloak of poison resistance
 C - a +2 pair of boots (worn)
 F - a +2 robe of willpower (worn)
 K - a +2 helmet
 M - the +0 helmet of the Imp (worn) {Int+4}
   (You found it on level 2 of the Spider Nest)

   Int:       It affects your intelligence (+4).
 T - a scarf of resistance (worn)
 V - the +0 hat of the Morning {*Slow rElec rPois Dex+3}
   (You found it on level 4 of the Spider Nest)

   Dex:       It affects your dexterity (+3).
   rElec:     It insulates you from electricity.
   rPois:     It protects you from poison.
   *Slow:     It may slow you when you take damage.
 W - an orb of guile
Magical Staves
 B - a staff of cold (weapon)
 H - a staff of air
Jewellery
 c - a ring of magical power
 f - an amulet of magic regeneration (around neck)
 g - a ring of see invisible
 t - a ring of willpower
 u - a ring of wizardry
 E - a +5 ring of evasion (left claw)
 I - the ring "Urghaomp" {Fire rPois Will+ Str+6 Dex-5}
   (You found it on level 2 of the Lair of Beasts)

   [ring of fire]

   It enhances your fire magic.
   Str:       It affects your strength (+6).
   Dex:       It affects your dexterity (-5).
   rF:        It protects you from fire.
   rC:        It makes you vulnerable to cold.
   rPois:     It protects you from poison.
   Will:      It increases your willpower.
 Y - the ring of Tuborr (right claw) {rPois rF++ rN+ Int+5}
   (You bought it in a shop in a bazaar)

   [ring of positive energy]

   Int:       It affects your intelligence (+5).
   rF:        It greatly protects you from fire.
   rPois:     It protects you from poison.
   rN:        It protects you from negative energy.
Wands
 j - a wand of iceblast (3)
 o - a wand of polymorph (3)
 r - a wand of flame (65)
 O - a wand of digging (14)
 U - a wand of mindburst (1)
 X - a wand of quicksilver (3)
Scrolls
 h - a scroll of teleportation
 i - 2 scrolls of brand weapon
 k - 2 scrolls of enchant weapon
 m - 5 scrolls of vulnerability
 q - 2 scrolls of enchant armour
 w - 6 scrolls of identify
 y - a scroll of magic mapping
 Q - 4 scrolls of fog
 R - 3 scrolls of immolation
Potions
 l - 6 potions of lignification
 p - 5 potions of brilliance
 s - 3 potions of ambrosia
 v - 4 potions of mutation
 x - 3 potions of haste
 G - 6 potions of might
 J - a potion of resistance
 L - 8 potions of attraction
 N - 2 potions of heal wounds
 P - 3 potions of berserk rage
 S - a potion of flight
 Z - 2 potions of curing


   Skills:
 * Level 16.8 Fighting
 - Level 8.0 Dodging
 - Level 1.8 Stealth
 * Level 15.6 Spellcasting
 - Level 4.3 Conjurations
 - Level 1.9 Transmutations
 - Level 6.6 Fire Magic
 + Level 12.1 Ice Magic
 * Level 8.9 Earth Magic
 - Level 4.9 Poison Magic
 * Level 17.5 Evocations


You had 5 spell levels left.
You knew the following spells:

 Your Spells              Type           Power      Damage    Failure   Level
a - Summon Ice Beast      Ice/Summ       77%        N/A       1%          4
b - Frozen Ramparts       Ice            100%       1d16      1%          3
c - Ozocubu's Armour      Ice            100%       N/A       1%          3
d - Passwall              Tmut/Erth      46%        N/A       1%          2
e - Airstrike             Air            12%        2d(2-18)  4%          4
f - Mephitic Cloud        Conj/Pois/Air  44%        N/A       1%          3
g - Ozocubu's Refrigerat  Ice            50%        4d18      2%          7
h - Maxwell's Capacitive  Air            12%        ∞         100%        8
j - Stone Arrow           Conj/Erth      100%       3d13      1%          3
k - Iron Shot             Conj/Erth      30%        9d6       4%          6

Your spell library contained the following spells:

 Spells                   Type           Power      Damage    Failure   Level
 Freeze                   Ice            100%       1d10      0%          1
 Beastly Appendage        Tmut           74%        N/A       1%          1
 Sandblast                Erth           100%       2d20      1%          1
 Shock                    Conj/Air       100%       1d9       1%          1
 Summon Small Mammal      Summ           100%       N/A       1%          1
 Static Discharge         Conj/Air       76%        2-6/arc   1%          2
 Wereblood                Tmut           37%        N/A       1%          2
 Dazzling Flash           Conj/Hex       76%        N/A       1%          3
 Hailstorm                Conj/Ice       86%        3d17      1%          3
 Ignite Poison            Fire/Tmut/Pois 52%        N/A       1%          3
 Inner Flame              Hex/Fire       46%        N/A       1%          3
 Spider Form              Tmut/Pois      46%        N/A       1%          3
 Volatile Blastmotes      Fire/Tloc      92%        2d17      1%          3
 Flame Wave               Conj/Fire      56%        2d13      1%          4
 Iskenderun's Mystic Bla  Conj/Tloc      38%        2d9       1%          4
 Olgreb's Toxic Radiance  Pois           54%        N/A       1%          4
 Sticky Flame             Conj/Fire      56%        2d7       1%          4
 Fireball                 Conj/Fire      28%        3d12      1%          5
 Sublimation of Blood     Necr           25%        N/A       2%          2
 Iskenderun's Battlesphe  Conj           51%        2d10      2%          5
 Metabolic Englaciation   Hex/Ice        38%        N/A       4%          5
 Call Canine Familiar     Summ           25%        N/A       5%          3
 Portal Projectile        Hex/Tloc       50%        N/A       5%          3
 Summon Guardian Golem    Hex/Summ       25%        N/A       5%          3
 Tukima's Dance           Hex            25%        N/A       5%          3
 Yara's Violent Unravell  Hex/Tmut       15%        3d8       9%          5
 Passage of Golubria      Tloc           25%        N/A       17%         4
 Summon Lightning Spire   Summ/Air       25%        N/A       17%         4
 Blade Hands              Tmut           18%        N/A       22%         5
 Starburst                Conj/Fire      28%        6d9       8%          6
 Eringya's Noxious Bog    Tmut/Pois      23%        N/A       17%         6
 Simulacrum               Ice/Necr       38%        N/A       22%         6
 Conjure Ball Lightning   Conj/Air       19%        3x3d6     28%         6
 Orb of Destruction       Conj           25%        9d9       50%         7
 Ignition                 Fire           30%        3d10      85%         8
 Summon Hydra             Summ           12%        N/A       100%        7
 Discord                  Hex            12%        N/A       100%        8


Dungeon Overview and Level Annotations

Branches:
Dungeon (15/15)            Temple (1/1) D:6            Lair (5/5) D:8
 Shoals (1/4) Lair:2       Spider (4/4) Lair:3        Slime (0/5) Lair:4
    Orc (2/2) D:9             Elf (2/3) Orc:2        Vaults (2/5) D:14
 Depths (0/4) D:15
  Crypt: Vaults:2-3

Altars:
Ashenzari
Cheibriados
Dithmenos
Fedhas
Gozag
Hepliaklqana
Kikubaaqudgha
Makhleb
Nemelex Xobeh
Okawaru
Qazlal
Ru
Sif Muna
Trog
Uskayaw
Vehumet
Wu Jian
Xom
Yredelemnul
Jiyva

Shops:
D:3 [   D:4 *   D:6 =   Orc:2 [(:*   Elf:1 (   Elf:2 *   Vaults:1 ?[[[
Vaults:2 =[

Annotations:
D:14 hitsuchi's ghost, journeyman MeEE
Lair:5 Rupert
Spider:2 2 transporters, Tyszek's ghost, journeyman MiFi
Elf:1 Nikola
Elf:2 2 runed translucent doors
Vaults:1 1 runed translucent door, Regoshi's ghost, adept TeGl


Innate Abilities, Weirdness & Mutations

You have claws for hands.
You are mostly covered in rugged brown scales. (AC +2, +5% HP)
A powerful demonic guardian rushes to your aid.
You sometimes gain power by taking damage.
Your presence sometimes corrodes those you injure.
You have an increased reservoir of magic. (+10% MP)
You are somewhat resistant to further mutation.
Your muscles are strong. (Str +4, Int/Dex -1)


Message History

The walls around you are covered in ice.
The purple very ugly thing gurgles horribly!
The centaur warrior wields a +0 shortbow.
The centaur warrior shoots an arrow.
The arrow barely misses you.
The wall freezes the peacekeeper but does no damage.
The wall freezes the war gargoyle but does no damage.
The war gargoyle hits you with a +7 great mace of holy wrath!!!
You focus on the pain.
You feel your power returning.
You convulse!!!
A centaur warrior comes into view.
The wall freezes the peacekeeper but does no damage.
You hear a horrible gurgling sound! x2; You hear a shout!
You hear a horrible gurgling sound!
You hear a shout!
Unknown command.
Unknown command.
Unknown command.
Unknown command.
Unknown command.
Casting: Frozen Ramparts (safe; 1% risk of failure)
Confirm with . or Enter, or press ? or * to list all spells.
You feel a surge of power!
The heat is drained from your surroundings.
The peacekeeper resists.
The peacekeeper is lightly damaged.
The war gargoyle completely resists.
The purple very ugly thing is lightly wounded.
Your corrupting presence corrodes the centaur warrior!
The centaur warrior is moderately wounded. x2
The wall freezes the war gargoyle but does no damage.
The war gargoyle launches metal splinters at you.
The spray of metal splinters misses you.
A centaur warrior comes into view.
The peacekeeper resists.
The wall freezes the peacekeeper.
The peacekeeper barely misses you.
The peacekeeper claws you but does no damage.
The wall freezes the war gargoyle but does no damage.
The war gargoyle hits you with a +7 great mace of holy wrath!!!
* * * LOW HITPOINT WARNING * * *
A demonic guardian appears!
You focus on the pain.
You feel your power returning.
You convulse!!!
You die...

.#)#)#........#
.##.##......#.#
..........≈≈≈.#
###..#....≈∩..#
##......≈≈≈##
###......## . ###
###+###'#########...
...
..........2.9.....c.
...
............@9..cu.c
...
.#########.#########
... #.# ... #.# ...
#.# .. #.# #.# +.#


You could see a purple very ugly thing, 3 centaur warriors, a war gargoyle
(strong, ally target), a peacekeeper and a friendly cacodemon (summoned).

Vanquished Creatures
  A sphinx (Vaults:1)
  Frances (Elf:1)
  2 deep elf sorcerers (Elf:1)
  2 emperor scorpions
  4 vault wardens
  6 ghost moths
  7 ironbound preservers
  3 ironbound thunderhulks (Vaults:1)
  A dire elephant (Vaults:1)
  2 spark wasps
  4 entropy weavers
  4 yaktaur captains (Vaults:1)
  A great orb of eyes (Vaults:2)
  Josephine (Lair:5)
  A rakshasa (D:15)
  3 hydras
  3 ironbound frosthearts (Vaults:1)
  5 vault guards
  A peacekeeper (Vaults:1)
  3 jorogumos
  Erica (D:8)
  5 radroaches
  8 boulder beetles
  3 ogre magi
  A catoblepas (Lair:5)
  9 centaur warriors
  16 two-headed ogres
  4 tengu warriors
  8 dancing weapons (Elf:2)
  A deep troll shaman (Lair:5)
  9 death yaks
  4 skysharks
  2 deep elf knights (Elf:2)
  A fire crab (shapeshifter) (D:14)
  A sea snake (Lair:2)
  2 pharaoh ants
  A sun moth (Spider:1)
  A glowing orange brain (shapeshifter) (D:13)
  7 orb spiders
  An obsidian statue (D:13)
  15 deep trolls
  6 ironbound convokers
  A deep elf archer (Elf:1)
  3 wizards
  8 steelbarb worms
  An orange crystal statue (Vaults:1)
  Pikel (D:4)
  A harpy (Lair:2)
  10 deep elf pyromancers
  An oklob plant (Lair:4)
  8 lindwurms
  A necromancer (D:15)
  3 orc knights
  8 deep elf zephyrmancers
  An orc sorcerer (D:15)
  2 moths of wrath
  11 ugly things
  12 cyclopes
  7 manticores
  16 wolf spiders
  12 elephants
  Maurice (D:8)
  6 torpor snails
  11 demonic crawlers
  3 vault sentinels
  3 black mambas (Lair:2)
  Joseph (D:8)
  A gargoyle (D:13)
  8 cane toads
  A centaur skeleton (D:15)
  2 efreet
  A rime drake (shapeshifter) (Elf:2)
  A freezing wraith (Vaults:1)
  2 rime drakes
  8 kobold demonologists
  13 yaktaurs
  An unseen horror (D:10)
  2 tengu conjurers
  11 komodo dragons
  3 polar bears (Lair:5)
  14 trolls
  5 meliai
  2 merfolk
  11 blink frogs
  2 dream sheep (Lair:4)
  A hornet (D:7)
  18 tarantellas
  A snapping turtle (Lair:2)
  12 jumping spiders
  16 culicivoras
  2 water elementals
  13 slime creatures
  A vampire (D:14)
  5 wraiths
  A ynoxinul (D:9)
  3 wyverns
  41 yaks
  2 fire elementals
  3 basilisks
  3 vampire mosquitoes
  2 steam dragons
  Grum (D:8)
  24 redbacks
  3 wargs
  4 acid dragons
  Edmund (D:4)
  16 water moccasins
  10 orc warriors
  A black bear (D:4)
  4 sky beasts
  2 ice beasts
  24 ogres
  21 wolves
  A centaur (D:6)
  A boggart (Elf:1)
  2 lemures (D:4)
  10 kobold brigands
  The ghost of Elsvaer the Conjurer, an amateur DECj (D:4)
  5 bullfrogs
  A scorpion (D:5)
  2 earth elementals (Elf:2)
  3 gnoll sergeants
  9 wights
  8 killer bees
  7 howler monkeys
  4 electric eels
  A crimson imp (D:13)
  2 quasits (D:13)
  An iron imp (D:13)
  5 hounds
  3 jellies
  14 orc priests
  6 iguanas
  5 sleepcaps
  Ijyb (D:5)
  12 orc wizards
  2 human simulacra (D:14)
  Robin (D:2)
  17 gnolls
  11 adders
  4 shadow imps
  2 ufetubi
  2 worms (D:2)
  A dart slug (D:3)
  51 orcs
  6 bats
  12 endoplasms
  6 giant cockroaches
  14 hobgoblins
  7 jackals
  35 kobolds
  3 quokkas
  9 ball pythons
  2 frilled lizards
  15 goblins
  7 rats
927 creatures vanquished.

Vanquished Creatures (collateral kills)
  A ghost moth (Spider:3)
  The ghost of Bananafolds the Warrior, a journeyman MfSk of Makhleb (Lair:4)
  2 spark wasps
  A vault guard (Vaults:2)
  2 hydras (Lair:5)
  A dancing weapon (Elf:2)
  2 ironbound frosthearts (Vaults:1)
  A death yak (Lair:3)
  A jorogumo (Spider:1)
  A centaur warrior (D:15)
  A deep troll (Vaults:1)
  2 orb spiders
  A deep elf archer (Elf:2)
  A lindwurm (Vaults:1)
  A steelbarb worm (Spider:1)
  2 wolf spiders
  A deep elf zephyrmancer (Elf:1)
  A cyclops (D:11)
  A manticore (D:12)
  A black mamba (Lair:2)
  2 elephants
  2 centaur skeletons (D:15)
  A torpor snail (Lair:4)
  A rime drake (Lair:5)
  A meliai (Lair:3)
  A merfolk (Lair:2)
  2 trolls
  4 blink frogs
  3 tarantellas
  A snapping turtle (Shoals:1)
  A water elemental (Shoals:1)
  A wraith (D:10)
  6 culicivoras
  A slime creature (Vaults:1)
  4 jumping spiders
  2 yaks
  A wyvern (D:8)
  A basilisk (Lair:1)
  2 water moccasins
  An orc warrior (Orc:1)
  4 wolves (Lair:1)
  A centaur (D:6)
  A phantom (D:7)
  A bullfrog (Lair:1)
  A scorpion (D:5)
  2 wights (D:7)
  A howler monkey (D:9)
  A jelly (D:3)
  An orc priest (Orc:1)
  A worm (D:2)
  An orc (Orc:1)
  A goblin (D:2)
  A hobgoblin (D:2)
80 creatures vanquished.

Vanquished Creatures (others)
  3 deep trolls (Vaults:1)
  A vault sentinel (Vaults:1)
  A slime creature (Vaults:1)
5 creatures vanquished.

Grand Total: 1012 creatures vanquished

Notes
Turn   | Place    | Note
-------+----------+-------------------------------------------
     0 | D:1      | Amplified the Demonspawn Ice Elementalist began the quest
                  | for the Orb.
     0 | D:1      | Reached XP level 1. HP: 13/13 MP: 3/3
   146 | D:1      | Gained mutation: A weak demonic guardian rushes to your
                  | aid. [demonic ancestry]
   146 | D:1      | Reached XP level 2. HP: 20/20 MP: 3/5
   447 | D:1      | Reached skill level 1 in Fighting
  1041 | D:2      | Identified the +7 spear "Qucur" {chaos, rF- Dex+3}
  1111 | D:2      | Noticed Robin
  1225 | D:2      | Gained mutation: You sometimes gain a little power by
                  | taking damage. [demonic ancestry]
  1225 | D:2      | Reached XP level 3. HP: 22/26 MP: 6/6
  1347 | D:2      | Learned a level 3 spell: Frozen Ramparts
  1553 | D:2      | Gained mutation: You are vulnerable to heat. (rF-) [potion
                  | of mutation]
  1553 | D:2      | Gained mutation: Your muscles are strong. (Str +4, Int/Dex
                  | -1) [potion of mutation]
  1553 | D:2      | Gained mutation: You are partially covered in large bone
                  | plates. (SH +4) [potion of mutation]
  1654 | D:2      | Reached XP level 4. HP: 19/32 MP: 5/7
  1966 | D:2      | Killed Robin
  2567 | D:3      | Lost mutation: Your muscles are strong. (Str +4, Int/Dex
                  | -1) [potion of mutation]
  2567 | D:3      | Lost mutation: You are partially covered in large bone
                  | plates. (SH +4) [potion of mutation]
  2567 | D:3      | Gained mutation: Your mind is acute. (Int +4, Str/Dex -1)
                  | [potion of mutation]
  2567 | D:3      | Lost mutation: Your mind is acute. (Int +4, Str/Dex -1)
                  | [potion of mutation]
  2567 | D:3      | Gained mutation: You have a somewhat thin skeletal
                  | structure. (Dex +2, Stealth+) [potion of mutation]
  2568 | D:3      | Lost mutation: You have a somewhat thin skeletal structure.
                  | (Dex +2, Stealth+) [potion of mutation]
  2568 | D:3      | Lost mutation: You are vulnerable to heat. (rF-) [potion of
                  | mutation]
  2568 | D:3      | Gained mutation: You sometimes lose your temper in combat.
                  | [potion of mutation]
  2568 | D:3      | Gained mutation: Your mind is acute. (Int +4, Str/Dex -1)
                  | [potion of mutation]
  2665 | D:3      | Found a transporter.
  2681 | D:3      | Noticed a kobold demonologist
  2702 | D:3      | Gained mutation: A demonic guardian rushes to your aid.
                  | [demonic ancestry]
  2702 | D:3      | Reached XP level 5. HP: 34/38 MP: 6/9
  3037 | D:3      | Found Bashyn's Armour Emporium.
  3327 | D:3      | Found a transporter.
  3499 | D:4      | Found a stormy altar of Qazlal.
  3552 | D:4      | Found Azum's Assorted Antiques.
  3559 | D:4      | Bought a scroll labelled ENWOVV QUAPT for 24 gold pieces
  3559 | D:4      | Bought 2 lumpy ruby potions for 43 gold pieces
  3559 | D:4      | Bought a scroll labelled GID SUEHE DEUTZ for 24 gold pieces
  3571 | D:4      | Noticed Elsvaer's ghost (amateur DECj)
  3599 | D:4      | Found a runed translucent door.
  3604 | D:4      | Noticed Edmund
  3609 | D:4      | Killed Edmund
  3610 | D:4      | Gained mutation: You sometimes gain power by taking damage.
                  | [demonic ancestry]
  3610 | D:4      | Reached XP level 6. HP: 47/47 MP: 9/11
  3653 | D:4      | Learned a level 3 spell: Ozocubu's Armour
  3853 | D:4      | Reached skill level 5 in Ice Magic
  3853 | D:4      | Gained mutation: You are partially covered in rugged brown
                  | scales. (AC +1, +3% HP) [demonic ancestry]
  3853 | D:4      | Reached XP level 7. HP: 41/53 MP: 6/12
  3962 | D:4      | Noticed Pikel
  3974 | D:4      | Killed Pikel
  3975 | D:4      | Reached XP level 8. HP: 41/62 MP: 12/14
  4609 | D:4      | Learned a level 2 spell: Passwall
  4621 | D:5      | Entered Level 5 of the Dungeon
  4669 | D:5      | You fall into a shaft and drop 3 floors!
  4673 | D:8      | Found a hazy altar of Hepliaklqana.
  4691 | D:8      | Noticed Grum
  4711 | D:8      | Noticed Joseph
  4783 | D:8      | Noticed Erica
  4793 | D:8      | Killed Erica
  4794 | D:8      | Reached skill level 5 in Fighting
  4794 | D:8      | Reached skill level 5 in Dodging
  4794 | D:8      | Reached skill level 5 in Spellcasting
  4934 | D:7      | Reached XP level 9. HP: 71/71 MP: 10/17
  4988 | D:5      | Noticed Ijyb
  4997 | D:5      | Killed Ijyb
  5575 | D:5      | Found a shadowy altar of Dithmenos.
  6140 | D:6      | Reached skill level 1 in Earth Magic
  6242 | D:6      | Found Ubiwo's Jewellery Shop.
  6326 | D:6      | Found Zin's Purification Station.
  6351 | D:6      | Bought a potion of curing for 90 gold pieces
  6446 | D:6      | Found a staircase to the Ecumenical Temple.
  6512 | Temple   | Entered the Ecumenical Temple
  6602 | Temple   | Became a worshipper of Vehumet
  6662 | D:6      | Found an ancient bone altar of Kikubaaqudgha.
  6819 | D:6      | Gained mutation: You have sharp fingernails. [demonic
                  | ancestry]
  6819 | D:6      | Reached XP level 10. HP: 81/81 MP: 20/20
  6841 | D:6      | Found a burning altar of Makhleb.
  7127 | D:7      | Noticed a two-headed ogre
  7137 | D:7      | Killed a two-headed ogre
  7289 | D:7      | Reached * piety under Vehumet
  7289 | D:7      | Offered knowledge of Magic Dart by Vehumet.
  7617 | D:7      | Noticed a soul eater
  7682 | D:7      | Noticed a cyclops
  7688 | D:7      | Killed a cyclops
  8431 | D:8      | Killed Joseph
  8839 | D:9      | Found a staircase to the Orcish Mines.
  8887 | D:9      | Found a shimmering blue altar of Sif Muna.
  8894 | D:9      | Offered knowledge of Shock by Vehumet.
  8899 | D:9      | Got Sif Muna's Writings on Conjury
  8941 | D:9      | Reached ** piety under Vehumet
  8942 | D:9      | Reached skill level 1 in Evocations
  8942 | D:9      | Gained mutation: You have very sharp fingernails. [demonic
                  | ancestry]
  8942 | D:9      | Reached XP level 11. HP: 63/89 MP: 23/23
  8943 | D:9      | Found a bloodstained altar of Trog.
  9502 | D:9      | Reached skill level 2 in Evocations
 10022 | D:9      | Found an iron altar of Okawaru.
 10160 | D:10     | Entered Level 10 of the Dungeon
 10364 | D:10     | Reached skill level 3 in Evocations
 10501 | D:10     | Learned a level 4 spell: Summon Ice Beast
 10764 | D:10     | Found a snail-covered altar of Cheibriados.
 11100 | D:11     | Reached skill level 5 in Earth Magic
 11103 | D:11     | Noticed a two-headed ogre
 11185 | D:11     | Reached skill level 4 in Evocations
 11190 | D:11     | Killed a two-headed ogre
 11250 | D:11     | Noticed a two-headed ogre
 11262 | D:11     | Killed a two-headed ogre
 11263 | D:11     | Reached skill level 5 in Evocations
 11508 | D:11     | Noticed a boulder beetle
 11520 | D:11     | Killed a boulder beetle
 11817 | D:11     | Offered knowledge of Hailstorm by Vehumet.
 12092 | D:12     | Reached skill level 6 in Evocations
 12158 | D:12     | Noticed a two-headed ogre
 12172 | D:12     | Killed a two-headed ogre
 12172 | D:12     | Reached *** piety under Vehumet
 12373 | D:12     | Learned a level 4 spell: Airstrike
 12562 | D:12     | Reached skill level 7 in Evocations
 12835 | D:12     | Noticed a brown ugly thing
 12844 | D:12     | Killed a brown ugly thing
 12914 | D:12     | Reached XP level 12. HP: 40/99 MP: 25/25
 13121 | D:12     | Noticed a boulder beetle
 13126 | D:12     | a boulder beetle changed into a spark wasp
 13126 | D:12     | Noticed a spark wasp
 13132 | D:12     | Killed a spark wasp
 13133 | D:12     | Reached skill level 10 in Fighting
 13509 | D:8      | Killed Grum
 13871 | D:8      | Offered knowledge of Mephitic Cloud by Vehumet.
 13877 | D:8      | Learned a level 3 spell: Mephitic Cloud
 13923 | D:8      | Found a staircase to the Lair.
 14105 | D:8      | Noticed Maurice
 14115 | D:8      | Killed Maurice
 14116 | D:8      | Reached skill level 8 in Evocations
 14335 | D:4      | Killed Elsvaer's ghost
 14731 | D:6      | Bought a +5 ring of evasion for 396 gold pieces
 14828 | Lair:1   | Entered Level 1 of the Lair of Beasts
 14839 | Lair:1   | Learned a level 4 spell: Sticky Flame
 15021 | Lair:1   | Reached skill level 1 in Fire Magic
 15340 | Lair:1   | Reached skill level 9 in Evocations
 15344 | Lair:1   | Reached **** piety under Vehumet
 15345 | Lair:1   | Reached skill level 10 in Spellcasting
 15633 | Lair:2   | Noticed a six-headed hydra
 15640 | Lair:2   | Killed a one-headed hydra
 15877 | Lair:2   | Identified the +5 leather armour of Onnasus {-Tele rN+
                  | Regen+}
 16113 | Lair:2   | Found a staircase to the Shoals.
 16277 | Lair:2   | Reached skill level 10 in Evocations
 16415 | Lair:2   | Noticed a boulder beetle
 16459 | Lair:2   | Found a bloodstained altar of Trog.
 16489 | Lair:2   | Offered knowledge of Ignite Poison by Vehumet.
 16718 | Lair:2   | Identified the ring "Urghaomp" {Fire rPois Will+ Str+6
                  | Dex-5}
 16998 | Lair:2   | Killed a boulder beetle
 16999 | Lair:2   | Gained mutation: You have claws for hands. [demonic
                  | ancestry]
 16999 | Lair:2   | Reached XP level 13. HP: 95/109 MP: 11/27
 17533 | Lair:3   | Lost mutation: You sometimes lose your temper in combat.
                  | [potion of mutation]
 17533 | Lair:3   | Lost mutation: Your mind is acute. (Int +4, Str/Dex -1)
                  | [potion of mutation]
 17533 | Lair:3   | Gained mutation: You do not regenerate when monsters are
                  | visible. [potion of mutation]
 17533 | Lair:3   | Gained mutation: You have an increased reservoir of magic.
                  | (+10% MP) [potion of mutation]
 17533 | Lair:3   | Gained mutation: You are robust. (+10% HP) [potion of
                  | mutation]
 17701 | Lair:3   | Reached skill level 11 in Evocations
 17966 | Lair:3   | Found a hole to the Spider Nest.
 18585 | Lair:3   | Learned a level 3 spell: Ignite Poison
 18599 | Lair:3   | Reached skill level 5 in Fire Magic
 18938 | Lair:4   | Reached skill level 12 in Evocations
 19442 | Lair:4   | Learned a level 6 spell: Starburst
 19625 | Lair:4   | Noticed Bananafolds's ghost (journeyman MfSk)
 19631 | Lair:4   | Found a transporter.
 19656 | Lair:4   | Found a transporter.
 19687 | Lair:4   | Reached ***** piety under Vehumet
 19793 | Lair:4   | Reached skill level 1 in Conjurations
 19913 | Lair:4   | Found a viscous altar of Jiyva.
 19914 | Lair:4   | Found a staircase to the Slime Pits.
 20418 | Lair:5   | Entered Level 5 of the Lair of Beasts
 20428 | Lair:5   | Noticed Rupert
 20689 | Orc:1    | Entered Level 1 of the Orcish Mines
 20724 | Orc:1    | Offered knowledge of Ozocubu's Refrigeration by Vehumet.
 21270 | Orc:2    | Entered Level 2 of the Orcish Mines
 21729 | Orc:2    | Gained mutation: You are mostly covered in rugged brown
                  | scales. (AC +2, +5% HP) [demonic ancestry]
 21729 | Orc:2    | Reached XP level 14. HP: 120/133 MP: 27/32
 21733 | Orc:1    | Reached skill level 13 in Evocations
 21782 | Orc:1    | Learned a level 7 spell: Ozocubu's Refrigeration
 22385 | Orc:2    | Found Hadwitre's Book Emporium.
 22423 | Orc:1    | You fall into a shaft and drop 1 floor!
 22423 | Orc:2    | Found a staircase to the Elven Halls.
 22675 | Orc:2    | Found Booratas's Assorted Antiques.
 22682 | Orc:2    | Found Kodaverch's Antique Weapon Emporium.
 22683 | Orc:2    | Found Byracziw's Antique Armour Shop.
 22685 | Orc:2    | Bought a scroll labelled VEPNAD VUSHRAUX for 24 gold pieces
 22685 | Orc:2    | Bought a potion of haste for 240 gold pieces
 22685 | Orc:2    | Bought a scroll of teleportation for 72 gold pieces
 22685 | Orc:2    | Bought a potion of mutation for 192 gold pieces
 22687 | Orc:2    | Lost mutation: You are robust. (+10% HP) [potion of
                  | mutation]
 22687 | Orc:2    | Lost mutation: You do not regenerate when monsters are
                  | visible. [potion of mutation]
 22687 | Orc:2    | Gained mutation: Your muscles are strong. (Str +4, Int/Dex
                  | -1) [potion of mutation]
 22687 | Orc:2    | Gained mutation: You are somewhat resistant to further
                  | mutation. [potion of mutation]
 24009 | D:13     | Offered knowledge of Eringya's Noxious Bog by Vehumet.
 24131 | D:13     | Learned a level 6 spell: Eringya's Noxious Bog
 24281 | D:13     | Reached skill level 1 in Poison Magic
 24971 | D:14     | Identified the +3 arbalest of Premature Burial {elec, rElec
                  | rN+}
 24976 | D:14     | Noticed hitsuchi's ghost (journeyman MeEE)
 24985 | D:14     | Found a transporter.
 24988 | D:14     | Found a transporter.
 25483 | D:14     | Found a gate to the Vaults.
 25489 | D:14     | Reached skill level 14 in Evocations
 26101 | D:14     | Reached XP level 15. HP: 103/130 MP: 34/34
 26790 | D:15     | Entered Level 15 of the Dungeon
 26858 | D:15     | Found a sparkling altar of Nemelex Xobeh.
 27220 | D:15     | Found a staircase to the Depths.
 27686 | D:15     | Offered knowledge of Orb of Destruction by Vehumet.
 28298 | D:13     | Learned a level 3 spell: Stone Arrow
 28652 | Elf:1    | Entered Level 1 of the Elven Halls
 28959 | Elf:1    | Reached skill level 1 in Transmutations
 29207 | Elf:1    | Noticed Frances
 29225 | Elf:1    | Killed Frances
 29376 | Elf:1    | Noticed Nikola
 29598 | Spider:1 | Entered Level 1 of the Spider Nest
 29837 | Lair:5   | Noticed Josephine
 29846 | Lair:5   | Killed Josephine
 30705 | Lair:5   | Offered knowledge of Conjure Ball Lightning by Vehumet.
 30758 | Lair:5   | Reached skill level 15 in Evocations
 30999 | Lair:5   | Identified the +8 war axe "Tormentor" {flame, rN+}
 31296 | Lair:5   | Reached XP level 16. HP: 107/140 MP: 36/36
 31403 | Shoals:1 | Entered Level 1 of the Shoals
 31753 | Spider:1 | Reached skill level 10 in Ice Magic
 34002 | Spider:2 | Learned a level 6 spell: Conjure Ball Lightning
 34111 | Spider:2 | Found a transporter.
 34172 | Spider:2 | Found a transporter.
 34178 | Spider:2 | Noticed Tyszek's ghost (journeyman MiFi)
 34520 | Spider:2 | Identified the +0 helmet of the Imp {Int+4}
 34915 | Spider:2 | Reached skill level 15 in Fighting
 34951 | Spider:2 | Identified the +4 short sword of Extremism {freeze, rC++
                  | Int-4}
 35567 | Spider:3 | Identified the +0 plate armour of Plog {rC+}
 35593 | Spider:3 | Offered knowledge of Lee's Rapid Deconstruction by Vehumet.
 36473 | Spider:4 | Entered Level 4 of the Spider Nest
 36639 | Spider:4 | Reached skill level 16 in Evocations
 37271 | Elf:1    | Found Otunel's Antique Weapon Shop.
 37422 | Elf:2    | Found Quwn's General Store.
 37429 | Elf:2    | Bought a scroll of fog for 60 gold pieces
 37650 | Elf:2    | Gained mutation: A powerful demonic guardian rushes to your
                  | aid. [demonic ancestry]
 37650 | Elf:2    | Reached XP level 17. HP: 142/147 MP: 25/38
 38395 | Elf:2    | Found a runed translucent door.
 38420 | Elf:2    | Found a runed translucent door.
 38470 | Elf:1    | Offered knowledge of Iron Shot by Vehumet.
 41004 | Spider:4 | Learned a level 6 spell: Iron Shot
 41671 | Spider:4 | Got a gossamer rune of Zot
 41679 | Spider:4 | Identified the +0 hat of the Morning {*Slow rElec rPois
                  | Dex+3}
 41934 | Lair:4   | Killed Bananafolds's ghost
 41934 | Lair:4   | Offered knowledge of Maxwell's Capacitive Coupling by
                  | Vehumet.
 41935 | Lair:4   | Reached skill level 15 in Spellcasting
 42394 | Vaults:1 | Entered Level 1 of the Vaults
 42617 | Vaults:1 | Found Kerur's Armour Boutique.
 42625 | Vaults:1 | Bought a +2 pair of boots for 297 gold pieces
 42641 | Vaults:1 | Found Hyupp's Magic Scroll Shoppe.
 42704 | Vaults:1 | Reached skill level 17 in Evocations
 42987 | Vaults:1 | Found a flickering gateway to a bazaar.
 42998 | Bazaar   | Entered a bazaar
 42998 | Bazaar   | Found Ijizxohe's Distillery.
 43307 | Bazaar   | Learned a level 8 spell: Maxwell's Capacitive Coupling
 43310 | Bazaar   | Bought a potion of heal wounds for 80 gold pieces
 43310 | Bazaar   | Bought a potion of heal wounds for 80 gold pieces
 43320 | Bazaar   | Found Weow's Antique Armour Shoppe.
 43331 | Bazaar   | Found Jadiasoh's Antique Weapon Boutique.
 43342 | Bazaar   | Found Fadih's General Store.
 43350 | Bazaar   | Found Veovop's Jewellery Emporium.
 43392 | Bazaar   | Bought a twisted cloak for 171 gold pieces
 43392 | Bazaar   | Identified the +2 cloak of the Slorg {+Inv} (You bought it
                  | in a shop in a bazaar)
 43416 | Bazaar   | Bought the ring of Tuborr {rPois rF++ rN+ Int+5} for 888
                  | gold pieces
 43473 | Bazaar   | Bought a potion of curing for 48 gold pieces
 43473 | Bazaar   | Bought a potion of haste for 160 gold pieces
 43717 | Vaults:1 | Gained mutation: Your presence sometimes corrodes those you
                  | injure. [demonic ancestry]
 43717 | Vaults:1 | Reached XP level 18. HP: 88/160 MP: 19/41
 44054 | Vaults:1 | Found Bitranuh's Antique Armour Boutique.
 44406 | Vaults:1 | Found Baisabia's Antique Armour Emporium.
 44502 | Vaults:1 | Found a runed translucent door.
 44502 | Vaults:1 | Noticed Regoshi's ghost (adept TeGl)
 45343 | Vaults:2 | Found Vaqatieh's Jewellery Boutique.
 45410 | Vaults:2 | Found Veinig's Antique Armour Boutique.
 45444 | Vaults:2 | Annihilated by a war gargoyle

Illustrated notes

Levels and vault maps discovered:
D:1:      tarquinn_simple_flora_water_d, layout_basic, minmay_misc_feat_plants,
          dreamdust_princess_corridor
D:2:      minmay_chambers_of_ones, layout_basic, kennysheep_potato, uniq_robin
D:3:      gammafunk_wand_slinger, layout_basic, serial_shops, shop,
          minmay_fractal_squares_gapless_5
D:4:      layout_loops_ring, nicolae_qazlal_general_emergency,
          hellmonk_ghost_happy_afterlife, st_stairs_13, kennysheep_another_room,
          minmay_misc_feat_x, nicolae_stop_n_shop_2, uniq_edmund, uniq_pikel
D:5:      layout_basic, grunt_dithmenos_smoke, uniq_ijyb
D:6:      layout_loops_ring, kiku_gazebo_garden_becter, zin_purify,
          makhleb_blood_cavern_becter, minmay_temple_entry_large_hall,
          serial_shops, shop, kennysheep_decorative_pillar
D:7:      layout_loops_ring, minmay_manual_maat
D:8:      layout_basic, chequers_temple_overflow_statue_of_worship,
          david_lair_shrubbed, uniq_joseph, uniq_grum, uniq_erica, uniq_maurice
D:9:      layout_stronghold, nzn_overflow_gifts_of_might_and_magic,
          lemuel_tele_altar, david_orc_3, enter_bailey_3
D:10:     layout_basic, chei_slow_surprise
D:11:     layout_rooms
D:12:     layout_long_grid, serial_bayou, serial_bayou_pond_b,
          serial_bayou_ford_a, serial_bayou_pond_e, serial_bayou_crossing
D:13:     kennysheep_kobold_grotto, layout_irregular_city,
          kennysheep_generic_room_15
D:14:     layout_basic, lightli_vaults_fourway_checkpoint, minmay_crystal_room,
          nzn_ghost_randoct, bh_circular_ruins
D:15:     grunt_enter_depths_magical_seal, layout_long_grid,
          nemelex_spade_bored_becter
Temple:   eino_wide_crystal_templ
Lair:1:   layout_hall_layers, nicolae_lair_grove_arrangements
Lair:2:   layout_gridlike, minmay_shoals_entry_hut, basic_altar
Lair:3:   layout_long_grid, hellmonk_spider_entry_not_the_bees,
          grunt_megastairs_5, lemuel_fruit_tree
Lair:4:   layout_hall_layers, nicolae_slime_entry_slimehenge,
          gammafunk_ghost_arena, grunt_megastairs_3
Lair:5:   grunt_lair_end_beastmaster, layout_long_grid, uniq_sonja, uniq_rupert,
          uniq_josephine
Shoals:1: layout_shoals, nicolae_shoals_mertower
Spider:1: layout_spider_delve
Spider:2: layout_spider_delve, gammafunk_ghost_arena, nicolae_spider_claw_tunnel
Spider:3: layout_spider_delve
Spider:4: grunt_spider_rune_parallel
Orc:1:    layout_diamond_mine
Orc:2:    st_orc_open, layout_caves
Elf:1:    layout_geoelf_diagonals, serial_shops, shop_fountains,
          hangedman_elf_disciples, roderic_lattice_octagonal_star,
          grunt_megastairs_1, uniq_frances, uniq_nikola
Elf:2:    elven_hall_of_blades_hangedman_original
          [nicolae_blade_entry_splitting_headache], layout_gridlike,
          serial_shops, shop, grunt_megastairs_4
Vaults:1: gammafunk_ghost_grave, vaults_mumra_chevron,
          nicolae_vaults_trapezoid_3, hangedman_vaults_variations, v_misc_32,
          vaults_mumra_hex, nicolae_vaults_statue_guard, grunt_vaults_focal,
          vaults_room_grunt_arrival_ludios, nicolae_vaults_trapezoid_lopsided_3,
          nicolae_vaults_sealed_display, layout_vaults_ring, serial_shops,
          freezing_bzr, nicolae_shop_overgrown_old_shop, shop, shop,
          nicolae_shop_peninsula
Vaults:2: nicolae_vaults_apartment_1, nicolae_vaults_wrenched,
          nicolae_vaults_storage_room_glass, nicolae_vaults_network_periphery,
          vaults_mumra_minichess_inversion, nicolae_vaults_triangles,
          st_spiral_rooms, vaults_room_semicircle, blue_anna_dwarven_crypt,
          vaults_room_hallway, vaults_dpeg_diagonal, grunt_vaults_twisty,
          layout_vaults_omnicross, serial_shops, shop,
          nicolae_shop_tiny_waterfront, shop, shop, nicolae_shop_gaudy_bauble

Skill      XL: |  1  2  3  4  5  6  7  8  9 10 11 12 13 14 15 16 17 18 |
---------------+-------------------------------------------------------+-----
Dodging        | 2 3 4 5 6 8 |  8.0
Fighting       | 1 2 3 4 5 7 8 9 11 12 13 14 15 16 | 16.8
Ice Magic      | 4 5 6 7 8 9 11 12 | 12.1
Spellcasting   | 3 4 5 6 8 9 10 11 12 13 14 15 | 15.6
Earth Magic    | 1 4 6 8 |  8.9
Evocations     | 1 7 10 12 14 15 16 17 | 17.5
Fire Magic     | 4 6 |  6.6
Conjurations   | 2 4 |  4.3
Poison Magic   | 3 4 |  4.9
Transmutations | 1 |  1.9
Stealth        | |  1.8

Action                     |  1- 3 |  4- 6 |  7- 9 | 10-12 | 13-15 | 16-18 || total
---------------------------+-------+-------+-------+-------+-------+-------++-------
  Melee: Unarmed           |     5 |       |       |       |       |       ||     5
         Whip              |    77 |   156 |    54 |       |       |       ||   287
         Punch             |     1 |     1 |     2 |     5 |    11 |     8 ||    28
         Scimitar          |       |       |    26 |   435 |   230 |       ||   691
         Staff             |       |       |     7 |       |   464 |   441 ||   912
   Cast: Freeze            |    24 |    13 |     9 |       |       |       ||    46
         Frozen Ramparts   |     2 |    14 |    22 |    75 |   127 |   145 ||   385
         Ozocubu's Armour  |       |     2 |    20 |    63 |   114 |   132 ||   331
         Airstrike         |       |       |       |    14 |    89 |    16 ||   119
         Mephitic Cloud    |       |       |       |     5 |    16 |     4 ||    25
         Summon Ice Beast  |       |       |       |     3 |       |     2 ||     5
         Sticky Flame      |       |       |       |     2 |     1 |       ||     3
         Ignite Poison     |       |       |       |       |     7 |       ||     7
         Starburst         |       |       |       |       |     6 |       ||     6
         Ozocubu's Refrige |       |       |       |       |    42 |    87 ||   129
         Stone Arrow       |       |       |       |       |    29 |   165 ||   194
         Passwall          |       |       |       |       |    15 |     2 ||    17
         Eringya's Noxious |       |       |       |       |     1 |       ||     1
         Iron Shot         |       |       |       |       |       |    72 ||    72
  Evoke: Wand              |       |     3 |    16 |    18 |    20 |    33 ||    90
    Use: Scroll            |     4 |     6 |     5 |    11 |    23 |    24 ||    73
         Potion            |     1 |     7 |       |     7 |    11 |    17 ||    43
   Stab: Sleeping          |     2 |     5 |     1 |     2 |       |       ||    10
         Paralysed         |       |       |       |     4 |    11 |     8 ||    23
         Confused          |       |       |       |     2 |     1 |       ||     3
         Petrified         |       |       |       |       |     1 |       ||     1
         Distracted        |       |       |       |       |       |     1 ||     1
 Armour: Robe              |    27 |    38 |    47 |   204 |   472 |   512 ||  1300
         Skin              |       |     2 |       |       |       |       ||     2
  Dodge: Dodged            |    67 |   124 |   100 |   615 |  1310 |  1225 ||  3441
  Block: Other             |       |     7 |       |       |       |       ||     7
